 Dungeon Crawl Stone Soup version 0.31-a0-1165-g196b491b36 (webtiles) character file.

Game seed: 793816452816859822

107 jlumianski the Ruffian (level 4, 0/34 HPs)
             Began as a Gnoll Shapeshifter on Dec 10, 2023.
             Succumbed to a gnoll's poison
             ... on level 1 of the Dungeon.
             The game lasted 00:06:48 (1496 turns).

jlumianski the Ruffian (Gnoll Shapeshifter)         Turns: 1496, Time: 00:06:50

Health: 0/34       AC:  5    Str: 16    XL:     4   Next: 85%
Magic:  5/5        EV: 12    Int:  9    God:
Gold:   129        SH:  0    Dex: 11    Spells: 5/5 levels left

rFire   . .          .
                       - Unarmed
rCold   . . .        (no shield)
rNeg    . . .        n - +0 ring mail
rPois   .            (helmet currently unavailable)
rElec   .            (cloak currently unavailable)
rCorr   .            (gloves currently unavailable)
SInv    .            (boots currently unavailable)
Will    +....        f - amulet of magic regeneration
Stlth   +            o - ring of willpower
HPRegen 0.25/turn    (no ring)
MPRegen 0.49/turn

%: no passive effects
@: lethally poisoned (0 -> -15), beast-form
A: beast (slay +3), fangs 1, strong nose, distributed training
a: Begin Untransformation


You were on level 1 of the Dungeon.
You were a hulking beast.
You visited 1 branch of the dungeon, and saw 3 of its levels.

You collected 129 gold pieces.

Inventory:

Hand Weapons
 g - a +0 sling
Missiles
 k - 5 javelins (quivered)
 l - 4 poisoned darts
Armour
 a - a +0 animal skin
 n - a +0 ring mail (worn)
 q - a +2 helmet of intelligence
Jewellery
 f - an amulet of magic regeneration (around neck)
 o - a ring of willpower (left hand)
Talismans
 c - a beast talisman
 d - a flux talisman
Wands
 p - a wand of flame (1)
Scrolls
 e - 3 scrolls of identify {unknown}
 i - 2 scrolls of enchant armour {unknown}
 m - a scroll of poison {unknown}
Potions
 b - a potion of lignification
 h - a potion of curing
 j - a potion of enlightenment {unknown}


   Skills:
 + Level 2.8 Fighting
 + Level 1.2 Short Blades
 + Level 1.2 Long Blades
 + Level 1.2 Axes
 + Level 1.2 Maces & Flails
 + Level 1.2 Polearms
 + Level 1.2 Staves
 + Level 1.2 Ranged Weapons
 + Level 1.2 Throwing
 + Level 1.2 Armour
 + Level 4.7 Dodging
 + Level 1.2 Stealth
 + Level 1.2 Shields
 + Level 6.6 Unarmed Combat
 + Level 1.2 Spellcasting
 + Level 1.0 Conjurations
 + Level 1.0 Hexes
 + Level 1.0 Summonings
 + Level 1.0 Necromancy
 + Level 1.0 Translocations
 + Level 1.0 Transmutations
 + Level 1.0 Fire Magic
 + Level 1.0 Ice Magic
 + Level 1.0 Air Magic
 + Level 1.0 Earth Magic
 + Level 1.0 Poison Magic
 + Level 1.4 Invocations
 + Level 1.2 Evocations
 + Level 6.6 Shapeshifting


You had 5 spell levels left.
You didn't know any spells.
Your spell library contained the following spells:

 Spells                   Type           Power      Damage    Failure   Level
 Ozocubu's Armour         Ice            2%         N/A       80%         3
 Ozocubu's Refrigeration  Ice            1%         4d7       100%        7


Dungeon Overview and Level Annotations

Branches:
Dungeon (3/15)

Altars:
Ashenzari
Makhleb
Qazlal
Vehumet

Annotations:
D:3 Sigmund


Innate Abilities, Weirdness & Mutations

You are a hulking beast.
Your limbs bulge with bestial killing power. (Slay +3)
You have very sharp teeth.
Your uncanny sense of smell can sniff out nearby items.
Your experience applies equally to all skills.


Message History

A ball python comes into view.
The ball python hisses angrily.
The ball python closely misses you. The ball python grabs you.
The ball python constricts you.
You punch the ball python!
You kill the ball python!
You see here a ball python corpse.
There is an open door here.
The gnoll shouts!
You hear a shout!
There is an open door here.
The gnoll hits you with a +2 spear of venom!
You are poisoned.
You feel very sick. The gnoll hits you but does no damage.
You are more poisoned.
You feel very sick.
The gnoll hits you with a +2 spear of venom.
You are lethally poisoned!
You feel very sick.
The gnoll hits you from afar with a +2 spear of venom.
* * * LOW HITPOINT WARNING * * *
You are more poisoned.
It was a potion of curing.
You feel better.
The gnoll hits you from afar with a +0 halberd.
The gnoll barely misses you. The gnoll completely misses you.
The gnoll attacks as it pursues you!
The gnoll hits you from afar with a +2 spear of venom.
* * * LOW HITPOINT WARNING * * *
You are lethally poisoned!
* * * LOW HITPOINT WARNING * * *
You feel very sick.
There is a stone staircase leading up here.
* * * LOW HITPOINT WARNING * * *
You feel sick.
The gnoll hits you from afar with a +2 spear of venom.
* * * LOW HITPOINT WARNING * * *
You are more poisoned.
You climb upwards.
You die...

###.........# #.#
#####.....# #.# #.....#
#.# #####.# #.#
####.####.# #.......#.#
#.###.#.#.# #.........#
############.#..h#
#......# #.#####
#......# #....#
#......# ####.#
#......###### #.#
.......#....# #†#
...#####....###.# ...#
#........#
...#####........#######


There were no monsters in sight!

Vanquished Creatures
  A crimson imp (D:3)
  A gnoll (D:2)
  An adder (D:2)
  A worm (D:2)
  A dart slug (D:1)
  10 ball pythons
  7 endoplasms
  4 giant cockroaches
  A goblin (D:2)
  4 hobgoblins
  2 jackals (D:1)
  3 kobolds (D:1)
  2 bats
  2 frilled lizards
  6 rats
46 creatures vanquished.

Notes
Turn   | Place    | Note
-------+----------+-------------------------------------------
     0 | D:1      | jlumianski the Gnoll Shapeshifter began the quest for the
                  | Orb.
     0 | D:1      | Reached XP level 1. HP: 17/17 MP: 1/1
   143 | D:1      | Reached XP level 2. HP: 23/23 MP: 2/2
   474 | D:2      | Reached XP level 3. HP: 26/28 MP: 3/3
   630 | D:3      | Found a broken altar of Ashenzari.
   708 | D:3      | Found a stormy altar of Qazlal.
   739 | D:3      | Found a radiant altar of Vehumet.
   739 | D:3      | Found a burning altar of Makhleb.
   746 | D:3      | Reached skill level 1 in Short Blades
   746 | D:3      | Reached skill level 1 in Long Blades
   746 | D:3      | Reached skill level 1 in Axes
   746 | D:3      | Reached skill level 1 in Maces & Flails
   746 | D:3      | Reached skill level 1 in Polearms
   746 | D:3      | Reached skill level 1 in Staves
   746 | D:3      | Reached skill level 1 in Ranged Weapons
   746 | D:3      | Reached skill level 1 in Throwing
   746 | D:3      | Reached skill level 1 in Armour
   746 | D:3      | Reached skill level 1 in Stealth
   746 | D:3      | Reached skill level 1 in Shields
   746 | D:3      | Reached skill level 1 in Spellcasting
   746 | D:3      | Reached skill level 1 in Invocations
   746 | D:3      | Reached skill level 1 in Evocations
   746 | D:3      | Reached XP level 4. HP: 25/34 MP: 3/5
   953 | D:2      | Reached skill level 1 in Conjurations
   953 | D:2      | Reached skill level 1 in Hexes
   953 | D:2      | Reached skill level 1 in Summonings
   953 | D:2      | Reached skill level 1 in Necromancy
   953 | D:2      | Reached skill level 1 in Translocations
   953 | D:2      | Reached skill level 1 in Transmutations
   953 | D:2      | Reached skill level 1 in Fire Magic
   953 | D:2      | Reached skill level 1 in Ice Magic
   953 | D:2      | Reached skill level 1 in Air Magic
   953 | D:2      | Reached skill level 1 in Earth Magic
   953 | D:2      | Reached skill level 1 in Poison Magic
  1316 | D:3      | Noticed Sigmund
  1496 | D:1      | Succumbed to a gnoll's poison

Illustrated notes

Levels and vault maps discovered:
D:1:      lightli_arrival_flooded_house, layout_basic
D:2:      layout_basic
D:3:      layout_loops_ring, grunt_temple_overflow_lords_of_destruction,
          regret_index_temple_of_mockery, nicolae_qazlal_scattered_showers,
          kennysheep_vampire_church, mainiacjoe_overflow_small_starburst,
          grunt_ministairs_2, minmay_misc_feat_columns,
          chequers_serial_rivers_small_a, uniq_grinder, uniq_ijyb, uniq_sigmund

Skill      XL: |  1  2  3  4 |
---------------+-------------+-----
Short Blades   | 1 |  1.2
Long Blades    | 1 |  1.2
Axes           | 1 |  1.2
Maces & Flails | 1 |  1.2
Polearms       | 1 |  1.2
Staves         | 1 |  1.2
Ranged Weapons | 1 |  1.2
Throwing       | 1 |  1.2
Armour         | 1 |  1.2
Stealth        | 1 |  1.2
Shields        | 1 |  1.2
Spellcasting   | 1 |  1.2
Invocations    | 1 |  1.4
Evocations     | 1 |  1.2
Conjurations   | 1 |  1.0
Hexes          | 1 |  1.0
Summonings     | 1 |  1.0
Necromancy     | 1 |  1.0
Translocations | 1 |  1.0
Transmutations | 1 |  1.0
Fire Magic     | 1 |  1.0
Ice Magic      | 1 |  1.0
Air Magic      | 1 |  1.0
Earth Magic    | 1 |  1.0
Poison Magic   | 1 |  1.0
Fighting       | |  2.8
Dodging        | |  4.7
Unarmed Combat | |  6.6
Shapeshifting  | |  6.6

Action                     |  1- 3 |  4- 6 || total
---------------------------+-------+-------++-------
  Melee: Unarmed           |    35 |    42 ||    77
         Bite              |     4 |     4 ||     8
    Use: Potion            |       |     1 ||     1
   Stab: Sleeping          |     1 |       ||     1
 Armour: Animal skin       |    10 |       ||    10
         Ring mail         |     5 |    22 ||    27
  Dodge: Dodged            |    16 |    37 ||    53

Table legend: (Time is in decaauts)
 A = Elapsed time spent in this place.
 B = Non-inter-level travel time spent in this place.
 C = Inter-level travel time spent in this place.
 D = Time resting spent in this place.
 E = Time spent auto-exploring this place.
 F = Levels seen in this place.
 G = Mean time per level.
                   A        B        C        D        E       F      G
               +--------+--------+--------+--------+--------+-----+--------+
         Total |   1488 |   1474 |     14 |      0 |    505 |   3 |  496.0 |
       Dungeon |   1488 |   1474 |     14 |      0 |    505 |   3 |  496.0 |
               +--------+--------+--------+--------+--------+-----+--------+

Top non-repeatable levels by time:
     D:2: 699 daAuts
     D:1: 536 daAuts
     D:3: 252 daAuts
